 Dungeon Crawl Stone Soup version 0.31-a0-968-g24f9ace8b5 (webtiles) character file.

Game seed: 17636008513022081732

16 Maratek the Digger (level 2, -1/15 HPs)
             Began as a Gargoyle Earth Elementalist on Oct 27, 2023.
             Slain by a hobgoblin (3 damage)
             ... on level 1 of the Dungeon.
             The game lasted 00:00:58 (428 turns).

Maratek the Digger (Gargoyle Earth Elementalist)     Turns: 428, Time: 00:01:00

Health: -1/15      AC:  4    Str: 11    XL:     2   Next: 54%
Magic:  0/5        EV: 11    Int: 15    God:
Gold:   0          SH:  0    Dex: 10    Spells: 4/5 levels left

rFire   . . .        (no weapon)
rCold   . . .        (no shield)
rNeg    + . .        a - +0 robe
rPois   ∞            (no helmet)
rElec   +            (no cloak)
rCorr   .            (no gloves)
SInv    .            (no boots)
Will    .....        (no amulet)
Stlth   ++           (no ring)
HPRegen 0.22/turn    (no ring)
MPRegen 0.09/turn

%: no passive effects
@: no status effects
A: sickness immunity, AC +2, negative energy resistance 1, electricity
resistance, torment resistance 1, petrification resistance
a: no special abilities


You were on level 1 of the Dungeon.
You visited 1 branch of the dungeon, and saw 1 of its levels.

Inventory:

Armour
 a - a +0 robe (worn)
Scrolls
 c - a scroll of enchant armour {unknown}
Potions
 b - a potion of magic


   Skills:
 + Level 1.5 Dodging
 + Level 2.2 Stealth
 + Level 2.3 Spellcasting
 + Level 0.7 Transmutations
 + Level 4.3 Earth Magic


You had 4 spell levels left.
You knew the following spells:

 Your Spells              Type           Power      Damage    Failure   Level
a - Sandblast             Erth           28%        2d8       3%          1

Your spell library contained the following spells:

 Spells                   Type           Power      Damage    Failure   Level
 Passwall                 Tmut/Erth      7%         N/A       12%         2
 Stone Arrow              Conj/Erth      16%        3d8       26%         3
 Petrify                  Tmut/Erth      9%         N/A       58%         4
 Brom's Barrelling Bould  Conj/Erth      8%         2d3       65%         4


Dungeon Overview and Level Annotations

Branches:
Dungeon (1/15)

Altars:


Innate Abilities, Weirdness & Mutations

You are immune to sickness and miasma.
Your stone body is resilient. (AC +2)
You are immune to poison.
You resist negative energy. (rN+)
You are resistant to electric shocks. (rElec)
You are resistant to unholy torment.
You are immune to petrification.


Message History

Aiming: Sandblast (safe; 3% risk of failure)
Press: ? - help, Q - select action Shift-Dir - straight line, f/p - hobgoblin
Aim: a hobgoblin (82% to hit)
The blast of sand hits the hobgoblin but does no damage.
The hobgoblin barely misses you.
The hobgoblin hits you but does no damage.
The hobgoblin closely misses you. The hobgoblin hits you.
* * * LOW HITPOINT WARNING * * *
The rat twitches its whiskers.
The hobgoblin attacks as it pursues you!
The hobgoblin barely misses you.
Aiming: Sandblast (safe; 3% risk of failure)
Press: ? - help, Q - select action Shift-Dir - straight line, f/p - hobgoblin
Aim: a hobgoblin (82% to hit)
The blast of sand hits the hobgoblin but does no damage.
The hobgoblin misses you.
The hobgoblin hits you but does no damage.
The hobgoblin attacks as it pursues you!
The hobgoblin barely misses you.
You see here a jackal corpse.
The hobgoblin attacks as it pursues you!
The hobgoblin hits you but does no damage.
The hobgoblin attacks as it pursues you!
The hobgoblin barely misses you.
The hobgoblin attacks as it pursues you!
The hobgoblin misses you.
The hobgoblin attacks as it pursues you!
The hobgoblin hits you.
The hobgoblin attacks as it pursues you!
The hobgoblin hits you.
* * * LOW HITPOINT WARNING * * *
The hobgoblin attacks as it pursues you!
The hobgoblin hits you but does no damage.
Aiming: Sandblast (safe; 3% risk of failure)
Press: ? - help, Q - select action Shift-Dir - straight line, f/p - hobgoblin
Aim: a hobgoblin (82% to hit)
The blast of sand misses the hobgoblin.
The blast of sand hits the rat!
You kill the rat!
The hobgoblin hits you.
You die...

#...........# #...........#
#...........### #.............#
#...........#.######
#............÷......
#........###..#################
#######.####...g...............
#.#>...)@g...†...........
#.#.##..#################
#.#.##..# #.....#
#.#.##..######.....######
#########.#.##........†..........
..........#.##.#######...........
#########.#.##...# #...........
###.##...# #...........
#†##...#####.....##.###


You could see 2 hobgoblins.

Vanquished Creatures
  An endoplasm (D:1)
  A giant cockroach (D:1)
  A goblin (D:1)
  A hobgoblin (D:1)
  2 jackals (D:1)
  A quokka (D:1)
  2 ball pythons (D:1)
  2 bats (D:1)
  3 frilled lizards (D:1)
  2 rats (D:1)
16 creatures vanquished.

Notes
Turn   | Place    | Note
-------+----------+-------------------------------------------
     0 | D:1      | Maratek the Gargoyle Earth Elementalist began the quest for
                  | the Orb.
     0 | D:1      | Reached XP level 1. HP: 10/10 MP: 3/3
   133 | D:1      | Reached skill level 4 in Earth Magic
   133 | D:1      | Reached XP level 2. HP: 15/15 MP: 3/5
   428 | D:1      | Slain by a hobgoblin

Illustrated notes

Levels and vault maps discovered:
D:1:      spicycebolla_arrival_xxxplode, layout_basic

Skill      XL: |  1 |
---------------+----+-----
Earth Magic    | 4 |  4.3
Dodging        | |  1.5
Stealth        | |  2.2
Spellcasting   | |  2.3
Transmutations | |  0.7

Action                     || total
---------------------------++-------
  Melee: Unarmed           ||    14
   Cast: Sandblast         ||    24
   Stab: Sleeping          ||     1
 Armour: Robe              ||    24
  Dodge: Dodged            ||    33

Table legend: (Time is in decaauts)
 A = Elapsed time spent in this place.
 B = Non-inter-level travel time spent in this place.
 C = Inter-level travel time spent in this place.
 D = Time resting spent in this place.
 E = Time spent auto-exploring this place.
 F = Levels seen in this place.
 G = Mean time per level.
                   A        B        C        D        E       F      G
               +--------+--------+--------+--------+--------+-----+--------+
         Total |    439 |    439 |      0 |      0 |    324 |   1 |  439.0 |
       Dungeon |    439 |    439 |      0 |      0 |    324 |   1 |  439.0 |
               +--------+--------+--------+--------+--------+-----+--------+

Top non-repeatable levels by time:
     D:1: 439 daAuts
